 Dungeon Crawl Stone Soup version 0.30-a0-1-g69b7b797bf (webtiles) character file.

Game seed: 11305260789509520742

365813 Plasmagod the Axe Maniac (level 21, -5/283 (304) HPs)
             Began as a Minotaur Berserker on Aug 19, 2022.
             Was the Champion of Trog.
             Shot with a bolt by a yaktaur captain (22 damage)
             ... on level 5 of the Vaults.
             The game lasted 02:15:15 (34383 turns).

Plasmagod the Axe Maniac (Minotaur Berserker)      Turns: 34383, Time: 02:15:15

HP:   -5/283 (304)  AC: 34    Str: 45    XL:     21   Next: 59%
MP:   20/20         EV: 15    Int:  6    God:    Trog [******]
Gold: 5602          SH: 17    Dex: 13    Spells: 20/20 levels left

rFire   + + .      SeeInvis .    A - +9 broad axe (flame)
rCold   + . .      Faith    .    H - +0 tower shield
rNeg    . . .      Spirit   .    q - +10 plate armour {ponderous}
rPois   +          Reflect  .    l - +0 hat of the Slug {rElec rPois Str+9 Dex-2}
rElec   +          Harm     .    V - +2 cloak {rF+}
rCorr   +          Rampage  +    W - +0 pair of gloves "Nuhuuw" {rCorr Str+2}
Will    ++++.                    y - +2 pair of boots {rampage}
Stlth   ..........               m - amulet of regeneration
HPRegen 2.37/turn                o - +6 ring of dexterity
MPRegen 0.17/turn                N - ring "Diecs" {Will+ Str+6 Dex-4}

@: mighty, berserking (expiring), resistant, strong-willed, corroded,
regenerating, hasted, drained, very quick
A: horns 2, retaliatory headbutt
}: 2/15 runes: decaying, gossamer
a: Renounce Religion, Berserk, Trog's Hand, Brothers in Arms


You were on level 5 of the Vaults.
You worshipped Trog.
Trog was exalted by your worship.
You visited 7 branches of the dungeon, and saw 38 of its levels.
You also visited: Volcano.

You collected 6434 gold pieces.
You spent 832 gold pieces at shops.

Inventory:

Hand Weapons
 d - the +9 broad axe of Tomorrow {flame, rCorr Int-5 SInv Stlth-}
   (Trog gifted it to you on level 2 of the Vaults)

   It burns those it strikes, dealing additional fire damage.
   Big, fiery blades are also staple armaments of hydra-hunters.
   Int:       It affects your intelligence (-5).
   SInv:      It lets you see invisible.
   rCorr:     It protects you from acid and corrosion.
   Stlth:     It makes you less stealthy.
 A - a +9 broad axe of flaming (weapon)
 Z - the +10 bardiche of Wunoquru {holy, rF+ rC+ Will- MP+9}
   (You found it on level 5 of the Lair of Beasts)

   It has been blessed by the Shining One to cause great damage to the undead
   and demons.
   rF:        It protects you from fire.
   rC:        It protects you from cold.
   MP:        It affects your magic capacity (+9).
   Will:      It decreases your willpower.
Missiles
 I - 13 javelins (quivered)
 R - 6 silver javelins
 S - 4 throwing nets
Armour
 l - the +0 hat of the Slug (worn) {rElec rPois Str+9 Dex-2}
   (You acquired it on level 8 of the Dungeon)

   Str:       It affects your strength (+9).
   Dex:       It affects your dexterity (-2).
   rElec:     It insulates you from electricity.
   rPois:     It protects you from poison.
 q - a +10 plate armour of ponderousness (worn)
 y - a +2 pair of boots of rampaging (worn)
 H - a +0 tower shield (worn)
 V - a +2 cloak of fire resistance (worn)
 W - the +0 pair of gloves "Nuhuuw" (worn) {rCorr Str+2}
   (You found it in a volcano)

   Str:       It affects your strength (+2).
   rCorr:     It protects you from acid and corrosion.
Jewellery
 m - an amulet of regeneration (around neck)
 o - a +6 ring of dexterity (left hand)
 u - a ring of protection from fire
 M - a ring of protection from cold
 N - the ring "Diecs" (right hand) {Will+ Str+6 Dex-4}
   (You found it on level 7 of the Dungeon)

   [ring of willpower]

   Str:       It affects your strength (+6).
   Dex:       It affects your dexterity (-4).
   Will:      It increases your willpower.
Wands
 r - a wand of iceblast (46)
 t - a wand of acid (13)
 w - a wand of flame (68)
 C - a wand of digging (18)
 J - a wand of charming (55)
 O - a wand of mindburst (18)
 U - a wand of polymorph (21)
Scrolls
 c - 18 scrolls of teleportation
 f - 5 scrolls of fear
 k - 3 scrolls of enchant weapon
 n - 4 scrolls of magic mapping
 p - 6 scrolls of immolation
 v - 9 scrolls of vulnerability
 E - a scroll of acquirement
 F - 3 scrolls of blinking
 G - 9 scrolls of enchant armour
 L - 8 scrolls of fog
 P - 4 scrolls of poison
 T - 3 scrolls of silence
 X - a scroll of summoning
 Y - 7 scrolls of brand weapon
Potions
 a - 3 potions of haste
 b - 10 potions of attraction
 e - 16 potions of curing
 g - 7 potions of flight
 h - 9 potions of cancellation
 i - 5 potions of heal wounds
 j - 10 potions of magic
 s - 7 potions of ambrosia
 x - 4 potions of might
 z - 9 potions of lignification
 B - 8 potions of invisibility
 D - 5 potions of resistance
 K - 8 potions of mutation
Miscellaneous
 Q - a condenser vane


   Skills:
 + Level 20.8 Fighting
 O Level 27 Axes
 - Level 10.0 Throwing
 - Level 20.0 Armour
 - Level 18.0 Dodging
 - Level 12.0 Shields
 - Level 12.0 Evocations


You had 20 spell levels left.
You didn't know any spells.
Your spell library was empty.

Dungeon Overview and Level Annotations

Branches:
Dungeon (15/15)            Temple (0/1) D:4            Lair (5/5) D:9
  Swamp (4/4) Lair:3       Spider (4/4) Lair:2        Slime (0/5) Lair:4
    Orc (2/2) D:9             Elf (3/3) Orc:2        Vaults (5/5) D:14
  Crypt (0/3) Vaults:3     Depths (0/4) D:15        Volcano (visited)

Altars:
Ashenzari
Dithmenos
Gozag
Hepliaklqana
Makhleb
Qazlal
Ru
Sif Muna
Trog
Uskayaw
Wu Jian
Yredelemnul
Zin
The Shining One

Shops:
D:8 *   Orc:1 =   Orc:2 (([(*   Vaults:1 *   Vaults:2 (

Annotations:
Spider:3 3 runed translucent doors, Hirum's ghost, journeyman FeAE
Elf:3 exclusion: door


Innate Abilities, Weirdness & Mutations

You have a pair of horns on your head.
You reflexively headbutt those who attack you in melee.


Message History

The bolt hits you but does no damage.
The yaktaur captain shoots a bolt.
The bolt hits you!
The tengu reaver gestures at you while chanting.
The bolt of acid hits you! You resist. The acid corrodes you!
You are too injured to fight recklessly!
The vault guard hits you with a +2 glaive!
The vault guard hits you from afar with a +0 halberd!
Items here: )))) [[[[[[ †††.
You slash the vault guard! You burn the vault guard.
The vault guard is moderately wounded.
You hit the vault warden. You burn the vault warden.
The tengu reaver points at you and mumbles some strange words.
The bolt of negative energy hits you!!!
You feel drained.
* * * LOW HITPOINT WARNING * * *
You open the vault guard like a pillowcase!!!
You burn the vault guard!!
You kill the vault guard!
Trog accepts your kill.
You barely miss the vault warden.
You hear a horrible gurgling sound!
The vault guard barely misses you. You block the vault guard's attack.
The yaktaur captain shoots a bolt.
The bolt hits you!
* * * LOW HITPOINT WARNING * * *
The vault warden unwields a +0 arbalest.
The vault warden wields a +0 long sword.
The vault warden hits you with a +0 long sword!
* * * LOW HITPOINT WARNING * * *
You are too berserk!
You cut the vault warden into ribbons!!!
You burn the vault warden. You headbutt the vault warden!!
The vault warden is almost dead.
You hear two shouts!
The vault guard barely misses you.
The yaktaur captain wields a +0 arbalest.
The yaktaur captain shoots a bolt.
The bolt hits you!!
* * * LOW HITPOINT WARNING * * *
You block the vault guard's attack.
Okay, then.
The yaktaur captain shoots a bolt.
The bolt hits you!!
You die...

#....# ....
#....# ....
#.$..# .# .....
#....# .# .....
#....# ..#
.....c#....#...##
.....c#....#.....
#..Qcp@)).......
####..).p...####
......))<<.......
.......p..<......
........<<.......
...........c.$...
###..........####
...........$..
..........#...


You could see a vault warden (empowered), a tengu reaver (empowered), 2 yaktaur
captains, 2 vault guards and a yaktaur.

Vanquished Creatures
  Frederick (Vaults:4)
  the Lernaean hydra (Swamp:4)
  The ghost of Cakin the Tortoise, an adept DDNe of Okawaru (Elf:1)
  Arachne (Spider:3)
  Jorgrun (Elf:2)
  4 deep elf blademasters (Elf:1)
  Asterion (Vaults:1)
  A sphinx (Vaults:3)
  2 tengu reavers
  Agnes (Spider:2)
  A fenstrider witch (Swamp:2)
  A fire giant (Vaults:5)
  9 emperor scorpions
  6 vault wardens
  4 ghost moths
  3 ghouls (Swamp:3)
  3 war gargoyles
  14 ironbound preservers
  12 very ugly things
  2 stone giants (D:15)
  9 ironbound thunderhulks
  4 bunyips
  A spark wasp (Spider:1)
  The ghost of PigKeeper the Devastator, a journeyman TeCA of Vehumet (Lair:5)
  2 deep elf annihilators
  18 dire elephants
  Azrael (Elf:1)
  An eleionoma (Swamp:4)
  5 entropy weavers
  A minotaur (Lair:5)
  Snorg (Orc:1)
  A shambling mangrove (Swamp:4)
  An ettin (Vaults:2)
  A deep elf death mage (Elf:3)
  A crystal guardian (Vaults:4)
  2 deep elf high priests
  Harold (Lair:2)
  24 vault guards (Vaults:5)
  11 yaktaur captains
  2 fire dragons
  12 boulder beetles
  3 peacekeepers
  6 great orbs of eyes
  3 ogre magi
  19 hydras
  Erolcha (Orc:1)
  11 centaur warriors
  An ice dragon (Lair:1)
  A ghost crab (Swamp:1)
  2 jorogumos
  2 radroaches
  5 catoblepae
  19 two-headed ogres
  33 dancing weapons
  8 ironbound frosthearts
  A death scarab (Spider:2)
  7 alligators
  6 tengu warriors
  A deep troll shaman (Lair:5)
  12 death yaks
  14 deep elf knights
  5 orc high priests (Orc:2)
  A spriggan berserker (Swamp:3)
  Sonja (D:11)
  A death drake (shapeshifter) (D:14)
  A shadow wraith (D:15)
  A fire crab (shapeshifter) (D:14)
  12 skeletal warriors
  A sun moth (Spider:1)
  31 deep trolls
  A spriggan druid (Swamp:1)
  2 glowing orange brains
  6 pharaoh ants
  10 orb spiders
  6 steelbarb worms
  9 swamp dragons (Swamp:4)
  5 deep elf archers
  9 wizards
  2 phantasmal warriors (Vaults:5)
  A harpy (shapeshifter) (D:13)
  24 deep elf zephyrmancers
  A necromancer (Vaults:2)
  A lindwurm (shapeshifter) (D:13)
  18 deep elf pyromancers
  9 ironbound convokers
  9 orc knights
  26 wolf spiders
  4 orc sorcerers
  10 lindwurms
  An oklob plant (Lair:5)
  3 salamanders (Volcano)
  A tengu skeleton (Vaults:3)
  38 ugly things
  8 manticores
  9 cyclopes
  2 will-o-the-wisps
  A frost giant zombie (Vaults:2)
  A sphinx skeleton (Vaults:3)
  11 elephants
  6 moths of wrath
  13 vault sentinels
  2 gargoyles
  A fire giant skeleton (Vaults:2)
  6 black mambas
  5 human skeletons (Vaults:3)
  Maggie (D:6)
  13 demonic crawlers
  8 cane toads
  2 efreet
  10 torpor snails
  3 unseen horrors (D:13)
  15 komodo dragons
  3 rime drakes
  2 elf skeletons
  41 yaktaurs
  A kobold demonologist (D:12)
  2 tengu conjurers
  15 trolls
  2 yaktaur skeletons (Vaults:3)
  A human zombie (Vaults:2)
  11 hornets
  5 polar bears
  Grinder (D:6)
  A hornet (shapeshifter) (D:15)
  5 dream sheep (Lair:4)
  19 blink frogs
  7 tyrant leeches
  34 tarantellas
  44 slime creatures
  27 culicivoras
  A centaur simulacrum (D:13)
  14 jumping spiders
  3 shadows
  7 wraiths
  4 water elementals
  3 wyverns
  5 spriggans
  A vampire (D:12)
  An air elemental (Elf:3)
  6 basilisks
  47 yaks
  Grum (Lair:1)
  4 fire elementals
  11 humans (D:14)
  A wyvern (shapeshifter) (D:13)
  7 fire bats (Volcano)
  7 vampire mosquitoes
  9 steam dragons
  Menkaure (D:4)
  71 redbacks
  A warg (Orc:1)
  A two-headed ogre zombie (D:9)
  11 swamp worms
  12 water moccasins
  2 glowing shapeshifter skeletons (Vaults:3)
  5 hell hounds (Elf:1)
  2 ice beasts
  5 swamp drakes (Swamp:4)
  4 sky beasts
  42 orc warriors
  5 black bears
  11 wolves
  11 ogres
  10 centaurs
  A phantom (D:9)
  4 kobold brigands
  12 bullfrogs
  5 necrophages
  2 gnoll sergeants
  3 scorpions
  2 earth elementals (Elf:2)
  A wight (D:9)
  3 troll zombies (D:9)
  15 killer bees
  3 electric eels
  3 lava snakes (Lair:2)
  2 hounds
  9 jellies
  25 orc priests
  17 orc wizards
  Ijyb (D:4)
  4 iguanas
  4 ogre zombies (D:9)
  13 gnolls
  11 adders
  A shadow imp (D:8)
  A white imp (Spider:2)
  2 ufetubi (D:5)
  3 worms (D:2)
  2 dart slugs
  85 orcs
  6 endoplasms
  2 giant cockroaches (D:1)
  5 goblins
  11 hobgoblins
  5 jackals
  3 quokkas
  11 ball pythons
  2 bats
  5 frilled lizards
  2 goblin zombies (D:9)
  2 hobgoblin skeletons (D:9)
  5 hobgoblin zombies (D:9)
  31 kobolds
  16 orc zombies (D:9)
  9 rats
  A spectral goblin (D:8)
  A bush (Lair:5)
1589 creatures vanquished.

Vanquished Creatures (collateral kills)
  Saint Roka (Orc:2)
  A ghost moth (Spider:3)
  2 orc knights (Orc:2)
  A moth of wrath (Elf:1)
  A troll (Orc:2)
  7 orc warriors (Orc:2)
  4 orc priests (Orc:2)
  8 orcs (Orc:2)
25 creatures vanquished.

Vanquished Creatures (others)
  An entropy weaver (Spider:3)
  A deep elf knight (Elf:3)
  2 bloated husks (Swamp:2)
  A human (D:14)
  An orc warrior (Orc:1)
  2 electric eels (Lair:2)
  18 foxfires
  44 fungi
  104 plants
174 creatures vanquished.

Grand Total: 1788 creatures vanquished

Notes
Turn   | Place    | Note
-------+----------+-------------------------------------------
     0 | D:1      | Plasmagod the Minotaur Berserker began the quest for the
                  | Orb.
     0 | D:1      | Reached XP level 1. HP: 19/19 MP: 0/0
   111 | D:1      | Reached skill level 4 in Axes
   117 | D:1      | Reached XP level 2. HP: 26/26 MP: 1/1
   351 | D:1      | Found a faded altar of an unknown god.
   489 | D:1      | Reached ** piety under Trog
   491 | D:1      | Reached skill level 5 in Axes
   625 | D:2      | Reached XP level 3. HP: 27/31 MP: 2/2
   776 | D:2      | Found a broken altar of Ashenzari.
  1023 | D:2      | Reached skill level 6 in Axes
  1023 | D:2      | Reached XP level 4. HP: 39/39 MP: 3/3
  1548 | D:3      | Found a burning altar of Makhleb.
  1560 | D:3      | Reached XP level 5. HP: 45/45 MP: 4/4
  1572 | D:3      | Reached skill level 7 in Axes
  1643 | D:3      | Noticed a black bear
  1646 | D:3      | Killed a black bear
  1647 | D:3      | Reached skill level 8 in Axes
  1760 | D:4      | Found a staircase to the Ecumenical Temple.
  1781 | D:4      | Noticed a +0 falchion
  1782 | D:4      | Noticed a +0 spear
  1783 | D:4      | Noticed a +0 short sword
  1783 | D:4      | Noticed a +0 falchion
  1784 | D:4      | Noticed a +0 short sword
  1784 | D:4      | Noticed a +0 dagger
  1784 | D:4      | Noticed a +0 dagger
  1784 | D:4      | Noticed a +0 spear
  1788 | D:4      | Found a hide-covered altar of Uskayaw.
  1826 | D:4      | Noticed Menkaure
  1841 | D:4      | Killed Menkaure
  1842 | D:4      | Reached XP level 6. HP: 44/51 MP: 5/5
  1881 | D:4      | Reached skill level 9 in Axes
  1947 | D:4      | Reached *** piety under Trog
  1953 | D:4      | Found an opulent altar of Gozag.
  1955 | D:4      | Noticed Ijyb
  1968 | D:4      | Killed Ijyb
  2154 | D:4      | Reached XP level 7. HP: 57/57 MP: 6/6
  2294 | D:4      | Found an ornate altar of the Wu Jian Council.
  2467 | D:5      | Entered Level 5 of the Dungeon
  2633 | D:5      | Reached skill level 10 in Axes
  2764 | D:5      | Reached skill level 11 in Axes
  3223 | D:6      | Reached XP level 8. HP: 64/64 MP: 7/7
  3272 | D:6      | Noticed Grinder
  3286 | D:6      | Paralysed by Grinder for 3 turns
  3296 | D:6      | Killed Grinder
  3297 | D:6      | Reached skill level 12 in Axes
  3448 | D:6      | Reached skill level 13 in Axes
  3743 | D:6      | Reached skill level 14 in Axes
  3917 | D:6      | Noticed Maggie
  3926 | D:6      | Killed Maggie
  3927 | D:6      | Reached XP level 9. HP: 50/70 MP: 8/8
  3944 | D:6      | Reached skill level 15 in Axes
  4379 | D:7      | Identified the +4 short sword "Oronepic" {holy, *Slow rN+
                  | Will+}
  4584 | D:7      | Reached skill level 16 in Axes
  4701 | D:7      | Identified the ring "Diecs" {Will+ Str+6 Dex-4}
  4730 | D:8      | Found a shadowy altar of Dithmenos.
  4860 | D:8      | Reached **** piety under Trog
  4916 | D:8      | Found a hazy altar of Hepliaklqana.
  4977 | D:8      | Reached skill level 5 in Fighting
  5069 | D:8      | Found Bifonek's Serpentskin Sales.
  5308 | D:8      | Found a glowing golden altar of the Shining One.
  5471 | D:8      | Identified the +4 scale mail of Cowardice {rN+}
  5499 | D:8      | Reached XP level 10. HP: 55/86 MP: 9/9
  5694 | D:8      | Found a glowing silver altar of Zin.
  5979 | D:8      | Identified 2 scrolls of acquirement
  5979 | D:8      | Acquired the +0 hat of the Slug {rElec rPois Str+9 Dex-2}
  6046 | D:9      | Found a staircase to the Orcish Mines.
  6198 | D:9      | Reached skill level 10 in Fighting
  6216 | D:9      | Reached ***** piety under Trog
  6263 | D:9      | Found a broken altar of Ashenzari.
  6412 | D:9      | Noticed a white ugly thing
  6422 | D:9      | Killed a white ugly thing
  6588 | D:9      | Reached skill level 1 in Shields
  6614 | D:9      | Found a staircase to the Lair.
  6764 | D:9      | Found a stormy altar of Qazlal.
  6772 | D:9      | Found a shimmering blue altar of Sif Muna.
  7005 | D:9      | Saw a vision of the Swamp and the Spider Nest.
  7005 | D:9      | Noticed a spriggan berserker
  7005 | D:9      | Noticed a boulder beetle
  7005 | D:9      | Noticed a pharaoh ant
  7005 | D:9      | Noticed an orb spider
  7005 | D:9      | Noticed a jorogumo
  7005 | D:9      | Noticed a wolf spider
  7006 | D:9      | Noticed an entropy weaver
  7007 | D:9      | Noticed a six-headed hydra
  7007 | D:9      | Noticed an entropy weaver
  7008 | D:9      | Noticed a pharaoh ant
  7023 | D:10     | Entered Level 10 of the Dungeon
  7194 | D:10     | Noticed a gargoyle
  7207 | D:10     | Reached XP level 11. HP: 104/104 MP: 10/10
  7209 | D:10     | Reached skill level 5 in Shields
  7697 | D:10     | Found a basalt altar of Yredelemnul.
  7840 | D:11     | Noticed Sonja
  7842 | D:11     | Noticed a two-headed ogre
  7843 | D:11     | Noticed a two-headed ogre
  7850 | D:11     | Killed a two-headed ogre
  7856 | D:11     | Killed a two-headed ogre
  7858 | D:11     | Killed Sonja
  7858 | D:11     | Received a gift from Trog
  7859 | D:11     | Reached skill level 10 in Shields
  7957 | Lair:1   | Entered Level 1 of the Lair of Beasts
  8163 | Lair:1   | Noticed Grum
  8163 | Lair:1   | Noticed a six-headed hydra
  8167 | Lair:1   | Killed a four-headed hydra
  8171 | Lair:1   | Killed Grum
  8183 | Lair:1   | Reached skill level 5 in Armour
  8192 | Lair:1   | Noticed a death yak
  8192 | Lair:1   | Noticed a death yak
  8198 | Lair:1   | Killed a death yak
  8199 | Lair:1   | Reached XP level 12. HP: 112/112 MP: 11/11
  8202 | Lair:1   | Killed a death yak
  8593 | Lair:1   | Noticed an ice dragon
  8602 | Lair:1   | Killed an ice dragon
  8759 | Lair:2   | Noticed Harold
  8782 | Lair:2   | Killed Harold
  8783 | Lair:2   | Reached skill level 10 in Armour
  9082 | Lair:2   | Found a hole to the Spider Nest.
  9689 | Lair:3   | Noticed a death yak
  9694 | Lair:3   | Noticed a death yak
  9694 | Lair:3   | Noticed a death yak
  9695 | Lair:3   | Killed a death yak
  9695 | Lair:3   | Noticed a death yak
  9703 | Lair:3   | Killed a death yak
  9705 | Lair:3   | Killed a death yak
  9711 | Lair:3   | Killed a death yak
  9754 | Lair:3   | Noticed a catoblepas
  9761 | Lair:3   | Killed a catoblepas
  9762 | Lair:3   | Reached skill level 5 in Dodging
  9765 | Lair:3   | Reached XP level 13. HP: 118/118 MP: 12/12
  9968 | Lair:3   | Found a dark tunnel.
  9974 | Volcano  | Entered a volcano
 10013 | Volcano  | Reached skill level 17 in Axes
 10207 | Volcano  | Noticed a fire dragon
 10219 | Volcano  | Killed a fire dragon
 10231 | Volcano  | Identified the +0 pair of gloves "Nuhuuw" {rCorr Str+2}
 10442 | Lair:3   | Found a staircase to the Swamp.
 10691 | Lair:4   | Reached skill level 18 in Axes
 10699 | Lair:4   | Identified the +5 hand axe "Kummen" {vorpal, rCorr Dex+4}
                  | (Trog gifted it to you on level 4 of the Lair of Beasts)
 10699 | Lair:4   | Received a gift from Trog
 10762 | Lair:4   | Found a staircase to the Slime Pits.
 10796 | Lair:4   | Reached skill level 10 in Dodging
 11303 | Lair:4   | Reached ****** piety under Trog
 11333 | Lair:4   | Reached XP level 14. HP: 126/126 MP: 13/13
 11456 | Lair:5   | Entered Level 5 of the Lair of Beasts
 11611 | Lair:5   | Reached skill level 15 in Dodging
 11697 | Lair:5   | Received a gift from Trog
 11970 | Lair:5   | Noticed PigKeeper's ghost (journeyman TeCA)
 12002 | Lair:5   | Found a runed translucent gate.
 12002 | Lair:5   | Found a runed translucent gate.
 12002 | Lair:5   | Found a runed translucent gate.
 12436 | Lair:5   | Identified the +10 bardiche of Wunoquru {holy, rF+ rC+
                  | Will- MP+9}
 12689 | Lair:5   | Killed PigKeeper's ghost
 12693 | Lair:5   | Reached skill level 1 in Evocations
 13185 | D:11     | Identified the +2 scale mail "Zisetergh" {-Tele rN+ Int+7}
 13399 | D:11     | Received a gift from Trog
 13407 | D:11     | Identified the +6 trident "Daez" {vorpal, Fragile rPois rF+
                  | Will+}
 13755 | D:12     | Reached skill level 5 in Evocations
 14427 | D:13     | Reached XP level 15. HP: 132/132 MP: 14/14
 14664 | D:13     | Identified the +3 chain mail "Gasmo" {Str+4}
 14963 | D:13     | Reached skill level 10 in Evocations
 15645 | D:14     | Received a gift from Trog
 15663 | D:14     | Found a gate to the Vaults.
 16145 | D:15     | Entered Level 15 of the Dungeon
 16255 | D:15     | Found a sacrificial altar of Ru.
 16292 | D:15     | Reached XP level 16. HP: 143/143 MP: 15/15
 16772 | D:15     | Found a staircase to the Depths.
 16991 | D:15     | Found a runed translucent door.
 17039 | D:15     | Noticed a tengu reaver
 17042 | D:15     | Reached skill level 15 in Fighting
 17052 | D:15     | Killed a tengu reaver
 17198 | Orc:1    | Entered Level 1 of the Orcish Mines
 17200 | Orc:1    | Received a gift from Trog
 17207 | Orc:1    | Noticed Erolcha
 17218 | Orc:1    | Killed Erolcha
 17368 | Orc:1    | Found Gaasil's Jewellery Emporium.
 17448 | Orc:1    | Noticed Snorg
 17455 | Orc:1    | Killed Snorg
 17698 | Orc:2    | Entered Level 2 of the Orcish Mines
 17911 | Orc:2    | Found a staircase to the Elven Halls.
 18092 | Orc:2    | Found Piahox's Gadget Gallery.
 18187 | Orc:2    | Received a gift from Trog
 18227 | Orc:2    | Found Ydirghemo's Weapon Boutique.
 18227 | Orc:2    | Found Foel's Antique Armour Boutique.
 18228 | Orc:2    | Found Wulafuq's Antique Weapon Shop.
 18228 | Orc:2    | Found Ruemo's Weapon Boutique.
 18323 | Orc:2    | Noticed Saint Roka
 18334 | Orc:2    | Killed Saint Roka
 18874 | Orc:2    | Bought a glowing plate armour for 832 gold pieces
 18945 | Elf:1    | Entered Level 1 of the Elven Halls
 19299 | Elf:1    | Reached XP level 17. HP: 166/166 MP: 16/16
 19638 | Elf:1    | Noticed Azrael
 19650 | Elf:1    | Killed Azrael
 19848 | Elf:1    | Found a transporter.
 19852 | Elf:1    | Found a bloodstained altar of Trog.
 19852 | Elf:1    | Noticed Cakin's ghost (adept DDNe)
 19852 | Elf:1    | Noticed a deep elf blademaster
 19875 | Elf:1    | Noticed a deep elf blademaster
 19875 | Elf:1    | Noticed a deep elf blademaster
 19876 | Elf:1    | Noticed a deep elf blademaster
 19902 | Elf:1    | Found a transporter.
 20056 | Elf:2    | Noticed Jorgrun
 20072 | Elf:2    | Killed Jorgrun
 20136 | Elf:2    | Found a runed translucent gate.
 20137 | Elf:2    | Found a runed translucent gate.
 20137 | Elf:2    | Found a runed translucent gate.
 20223 | Elf:2    | Received a gift from Trog
 20238 | Elf:2    | Reached skill level 1 in Throwing
 20700 | Elf:2    | Reached skill level 5 in Throwing
 20926 | Elf:2    | Received a gift from Trog
 21088 | Elf:3    | Entered Level 3 of the Elven Halls
 21301 | Elf:3    | Identified the +0 acid dragon scales of the Nine Xalams
                  | {rF+ Will+++ rCorr Int+3 Stlth-}
 21308 | Elf:3    | Paralysed by an air elemental for 1 turns
 22064 | Spider:1 | Entered Level 1 of the Spider Nest
 22153 | Spider:1 | Reached skill level 10 in Throwing
 22308 | Spider:1 | Reached XP level 18. HP: 178/178 MP: 17/17
 22330 | Spider:1 | Received a gift from Trog
 22929 | Spider:2 | Noticed Agnes
 22937 | Spider:2 | Killed Agnes
 23399 | Spider:3 | Noticed Hirum's ghost (journeyman FeAE)
 23452 | Spider:3 | Reached skill level 15 in Armour
 23456 | Spider:3 | Received a gift from Trog
 23581 | Spider:3 | Found a runed translucent gate.
 23581 | Spider:3 | Found a runed translucent gate.
 23581 | Spider:3 | Found a runed translucent gate.
 23651 | Spider:3 | Noticed Arachne
 23668 | Spider:3 | Killed Arachne
 24079 | Spider:4 | Entered Level 4 of the Spider Nest
 24286 | Spider:4 | Identified the +1 chain mail of the Flute {rPois rC- Regen+
                  | Dex-2}
 24509 | Spider:4 | Identified the +0 pair of gloves "Manezin" {Contam Rampage
                  | Str+5}
 24542 | Spider:4 | Received a gift from Trog
 24542 | Spider:4 | Found the +8 frozen axe "Frostbite" {freezing cloud, *Noise
                  | Fly rC+}
 24550 | Spider:4 | Reached skill level 19 in Axes
 24606 | Spider:4 | Reached skill level 20 in Axes
 24806 | Spider:4 | Identified the +1 hat of the Monkey {Will+++ Str-5 Int+8
                  | Stlth-}
 24814 | Spider:4 | Got a gossamer rune of Zot
 25054 | Swamp:1  | Entered Level 1 of the Swamp
 25532 | Swamp:2  | Reached XP level 19. HP: 185/185 MP: 18/18
 25711 | Swamp:2  | Received a gift from Trog
 26102 | Swamp:3  | Reached skill level 21 in Axes
 26458 | Swamp:4  | Entered Level 4 of the Swamp
 27057 | Swamp:4  | Noticed the 27-headed Lernaean hydra
 27066 | Swamp:4  | Killed the 24-headed Lernaean hydra
 27067 | Swamp:4  | Reached skill level 22 in Axes
 27255 | Swamp:4  | Got a decaying rune of Zot
 27650 | Vaults:1 | Entered Level 1 of the Vaults
 27743 | Vaults:1 | Found Hakkil's General Store.
 28117 | Vaults:1 | Received a gift from Trog
 28350 | Vaults:1 | Noticed Asterion
 28364 | Vaults:1 | Killed Asterion
 28435 | Vaults:1 | Reached skill level 23 in Axes
 28709 | Vaults:1 | Reached skill level 24 in Axes
 29102 | Vaults:2 | Identified the +9 broad axe of Tomorrow {flame, rCorr Int-5
                  | SInv Stlth-} (Trog gifted it to you on level 2 of the
                  | Vaults)
 29102 | Vaults:2 | Received a gift from Trog
 29122 | Vaults:2 | Reached XP level 20. HP: 168/193 MP: 19/19
 29509 | Elf:1    | Killed Cakin's ghost
 29522 | Elf:1    | Identified the amulet of Webluebe {RegenMP Int+9}
 29988 | Vaults:2 | Reached skill level 25 in Axes
 30284 | Vaults:2 | Received a gift from Trog
 30691 | Vaults:2 | Found Etheal's Weapon Emporium.
 31344 | Vaults:3 | Reached skill level 26 in Axes
 31909 | Vaults:3 | Received a gift from Trog
 32118 | Vaults:3 | Found a staircase to the Crypt.
 32190 | Vaults:3 | Reached skill level 27 in Axes
 32208 | Vaults:3 | Identified the +5 glaive "Wedo" {vorpal, rF+ rN+ Int+2
                  | Dex+3}
 32425 | Vaults:3 | Received a gift from Trog
 32818 | Vaults:2 | You fall into a shaft and drop 2 floors!
 32946 | Vaults:4 | Reached XP level 21. HP: 201/201 MP: 20/20
 33340 | Vaults:4 | Received a gift from Trog
 33366 | Vaults:4 | Noticed Frederick
 33377 | Vaults:4 | Killed Frederick
 34242 | Vaults:1 | You fall into a shaft and drop 1 floor!
 34350 | Vaults:5 | Entered Level 5 of the Vaults
 34383 | Vaults:5 | Shot with a bolt by a yaktaur captain

Illustrated notes

Levels and vault maps discovered:
D:1:      minmay_arrival_semitransparent, layout_rooms,
          shapermc_ecumenical_altar_acropolis
D:2:      layout_basic, basic_altar, lightli_corner_chamber
D:3:      layout_basic, makhleb_altar_promises_db, nicolae_figureground_sparkle
D:4:      layout_basic, nicolae_uskayaw_en_pointe, grunt_gozag_statues,
          nicolae_wu_jian_wuxing_cycle, minmay_temple_entry_glassed_door,
          uniq_menkaure, uniq_ijyb
D:5:      layout_basic
D:6:      layout_cave_pods, uniq_maggie, uniq_grinder
D:7:      layout_basic
D:8:      layout_basic, nicolae_hepliaklqana_monster_ancestors, zin_treasury,
          marbit_many_paths, amcnicky_altar_gilded, minmay_fountain_box,
          guppyfry_shop_venom
D:9:      layout_loops_ring, grunt_ashenzari_visionary
          [grunt_ashenzari_visionary_swamp, grunt_ashenzari_visionary_spider],
          amethyst_overflow_temple_binary, david_lair_shrubbed,
          zombieorc2_lemuel, hangedman_misty_isle
D:10:     layout_loops_ring, mainiacjoe_overflow_alcove_1, special_room
          [special_room_orc], grunt_ministairs_1
D:11:     layout_big_octagon, minmay_misc_feat_tiny, minmay_joined_circles,
          uniq_sonja
D:12:     layout_basic
D:13:     minmay_the_grid_square_5x5_4x4_mashed
          [minmay_the_grid_square_5x5_six_small,
          minmay_the_grid_square_5x5_spiral,
          minmay_the_grid_square_5x5_three_small,
          minmay_the_grid_square_5x5_gyroscope,
          minmay_the_grid_square_5x5_two_walls_a,
          minmay_the_grid_square_5x5_prize_gold,
          minmay_the_grid_square_5x5_prize_open,
          minmay_the_grid_square_5x5_dogpile, minmay_the_grid_square_5x5_meh,
          minmay_the_grid_square_5x5_prize_open,
          minmay_the_grid_square_5x5_prize_rear_guard,
          minmay_the_grid_square_5x5_fat_x, minmay_the_grid_square_5x5_eight,
          minmay_the_grid_square_5x5_six, minmay_the_grid_square_5x5_three,
          minmay_the_grid_square_5x5_v], layout_basic
D:14:     layout_loops_cross, ximxim_vaults_locker_room, reono_crystal_passage
D:15:     grunt_enter_depths_snipers, layout_basic, nicolae_ru_awakened_eye,
          minivault_13
Lair:1:   dragon1_lemuel, layout_gridlike, grunt_forest_large_clearing_hut,
          uniq_grum
Lair:2:   layout_gridlike, spider_nest_entry_a, nicolae_lair_liquid_snakes,
          uniq_harold
Lair:3:   layout_concentric_octagons, swamp_mist, nicolae_volcano_entry_s_turn
Lair:4:   layout_loops_ring, nicolae_slime_entry_slimehenge,
          cheibrodos_lair_reptile_den
Lair:5:   grunt_lair_end_beastmaster, layout_loops_ring,
          maelrawn_ghost_gauntlet_escape, minmay_lair_oklob_bushes,
          serial_bayou_shore_b
Swamp:1:  layout_basic_swamp, evilmike_swamp_ruin_house_6, swamp_pool5,
          infiniplex_staircase_pool
Swamp:2:  layout_falls_marsh, evilmike_swamp_ruin_house_3,
          cheibrodos_swamp_witchery, infiniplex_staircase_pool_2
Swamp:3:  layout_basic_swamp, evilmike_swamp_ruin_rubble_2
Swamp:4:  swamp_old_school, layout_basic_swamp
Spider:1: layout_spider_delve, hangedman_spider_mandibles
Spider:2: layout_spider_delve, nicolae_crawler_farm,
          hangedman_spider_tarantella_strand, uniq_agnes
Spider:3: layout_spider_delve, gammafunk_ghost_split, spiders_nest_the_unseen,
          uniq_arachne
Spider:4: grunt_spider_rune_circles
Orc:1:    layout_caves, serial_shops, shop, sword_in_stone, uniq_snorg,
          uniq_erolcha
Orc:2:    st_orc_pillars, layout_caves, basic_altar, nicolae_shop_gadgets,
          uniq_saint_roka
Elf:1:    elf_arrival_001, layout_loops_corners,
          gammafunk_ghost_wrathful_warriors, minmay_elf_annihilation,
          uniq_azrael
Elf:2:    nicolae_elf_blades_crystal_corner, layout_loops_cross, uniq_jorgrun
Elf:3:    minmay_elf_hall_quartered_circle, layout_geoelf_castle
Vaults:1: vaults_room_stairs_pillars, nicolae_vaults_arrows,
          nicolae_vaults_sealed_display, hangedman_vaults_corner,
          vaults_room_grunt_arrival_ludios, v_alt_pattern_6,
          ontoclasm_vaults_chip, vaults_room_semicircle, vaults_room_hallway,
          layout_vaults_omnibox, serial_shops, nicolae_shop_hallway_stairs,
          uniq_asterion
Vaults:2: nicolae_vaults_shelves_hall, nicolae_vaults_windows_and_doors_thing,
          st_lines, nicolae_vaults_three_branches, vaults_dpeg_ring, v_rooms_5,
          nicolae_vaults_little_squares_3, layout_vaults_quadrants,
          serial_shops, shop
Vaults:3: minmay_crypt_entry_skeletal_spiral, vaults_mumra_minichess, v_misc_3,
          ontoclasm_vaults_bender, v_pattern_1, dpeg_vaults_hating_casters,
          vaults_room_door_ring, ontoclasm_vaults_pinch,
          layout_vaults_chaotic_city
Vaults:4: v_rooms_2, hangedman_vaults_nodes, nicolae_vaults_puzzle_piece,
          nicolae_vaults_back_hallway, v_alt_pattern_6, hangedman_vaults_maws,
          vaults_room_stairs_pillars, nicolae_vaults_ring_of_whatevers,
          ontoclasm_vaults_fault, vaults_standard_mumra_x,
          layout_vaults_omnicross, uniq_frederick
Vaults:5: serial_shops

Skill      XL: |  1  2  3  4  5  6  7  8  9 10 11 12 13 14 15 16 17 18 19 20 21 |
---------------+----------------------------------------------------------------+-----
Axes           | 4 5 6 8 9 11 14 16 18 20 24 27 | 27.0
Fighting       | 7 12 13 18 20 | 20.8
Shields        | 4 12 | 12.0
Armour         | 6 12 16 17 20 | 20.0
Dodging        | 5 12 18 | 18.0
Evocations     | 6 12 | 12.0
Throwing       | 10 | 10.0

Action                   |  1- 3 |  4- 6 |  7- 9 | 10-12 | 13-15 | 16-18 | 19-21 || total
-------------------------+-------+-------+-------+-------+-------+-------+-------++-------
Melee: Hand axe          |    79 |    21 |       |       |       |       |       ||   100
       Headbutt          |     9 |    12 |    32 |    67 |   131 |   170 |   246 ||   667
       War axe           |       |    53 |   217 |   227 |       |       |       ||   497
       Broad axe         |       |       |       |   154 |   672 |   961 |   908 ||  2695
Throw: Javelin           |       |     4 |     5 |     2 |     5 |     7 |     2 ||    25
Invok: Berserk           |     2 |     2 |     7 |    10 |    10 |    15 |    16 ||    62
       Trog's Hand       |       |       |       |       |     5 |     7 |     7 ||    19
       Brothers in Arms  |       |       |       |       |       |     2 |     3 ||     5
Evoke: Wand              |       |       |       |       |       |     6 |     8 ||    14
       Condenser vane    |       |       |       |       |       |       |     2 ||     2
  Use: Scroll            |       |       |       |    23 |    13 |     5 |     3 ||    44
       Potion            |       |       |       |       |     4 |     5 |     4 ||    13
 Stab: Petrified         |       |       |       |     2 |     6 |       |       ||     8
       Distracted        |       |       |       |       |       |       |     4 ||     4
Armor: Animal skin       |     9 |       |       |       |       |       |       ||     9
       Scale mail        |    17 |    20 |    90 |   151 |   187 |       |       ||   465
       Chain mail        |       |       |       |       |    57 |    45 |       ||   102
       Plate armour      |       |       |       |       |       |   495 |   515 ||  1010
Dodge: Dodged            |    45 |    39 |    80 |   102 |   230 |   428 |   373 ||  1297
Block: Tower shield      |       |       |    87 |   263 |   535 |   775 |   734 ||  2394

Table legend: (Time is in decaauts)
 A = Elapsed time spent in this place.
 B = Non-inter-level travel time spent in this place.
 C = Inter-level travel time spent in this place.
 D = Time resting spent in this place.
 E = Time spent auto-exploring this place.
 F = Levels seen in this place.
 G = Mean time per level.
                   A        B        C        D        E       F      G
               +--------+--------+--------+--------+--------+-----+--------+
         Total |  36279 |  32602 |   3677 |    972 |  23973 |  39 |  930.2 |
       Dungeon |  12989 |  11864 |   1125 |    211 |   9221 |  15 |  865.9 |
          Lair |   4948 |   4430 |    518 |      0 |   3360 |   5 |  989.6 |
         Swamp |   2813 |   2626 |    187 |    177 |   1862 |   4 |  703.2 |
   Spider Nest |   3178 |   3008 |    170 |    210 |   1977 |   4 |  794.5 |
  Orcish Mines |   1974 |   1516 |    458 |      0 |   1226 |   2 |  987.0 |
   Elven Halls |   3409 |   3100 |    309 |    169 |   2070 |   3 | 1136.3 |
        Vaults |   6631 |   5724 |    907 |    171 |   4157 |   5 | 1326.2 |
       Volcano |    333 |    333 |      0 |     32 |     97 |   1 |  333.0 |
               +--------+--------+--------+--------+--------+-----+--------+

Top non-repeatable levels by time:
Vaults:2: 1921 daAuts
Vaults:3: 1684 daAuts
Vaults:1: 1635 daAuts
   Orc:2: 1457 daAuts
   Elf:1: 1385 daAuts
  Lair:5: 1376 daAuts
Vaults:4: 1369 daAuts
     D:8: 1310 daAuts
     D:9: 1199 daAuts
   Elf:2: 1176 daAuts
    D:13: 1108 daAuts
 Swamp:4: 1098 daAuts
  Lair:2: 1056 daAuts
    D:15: 984 daAuts
  Lair:1: 969 daAuts
